 Dungeon Crawl Stone Soup version 0.30-a0-358-g0d69a1922f (webtiles) character file.

Game seed: 16025242055877354305

119 mopl the Insei (level 5, -2/38 HPs)
             Began as a Djinni Transmuter on Nov 10, 2022.
             Slain by Natasha (8 damage)
             ... on level 3 of the Dungeon.
             The game lasted 00:03:00 (1947 turns).

mopl the Insei (Djinni Transmuter)                  Turns: 1947, Time: 00:03:01

Health: -2/38      AC:  2    Str: 11    XL:     5   Next: 24%
Gold:   110        EV: 13    Int: 14    God:
                   SH:  0    Dex: 14

rFire   + + .      SeeInvis .      - Unarmed
rCold   x . .      Faith    .    (no shield)
rNeg    . . .      Spirit   .    a - +0 robe
rPois   ∞          Reflect  .    (helmet currently unavailable)
rElec   .          Harm     .    (no cloak)
rCorr   .          Rampage  .    (no gloves)
Will    .....                    (boots unavailable)
Stlth   +.........               (no amulet)
HPRegen 0.26/turn                (no ring)
MPRegen 0.00/turn                (no ring)

@: appendages (expiring), flying
A: horns 2, flying, sickness immunity, fire resistance 2, cold vulnerability 1,
float, innate caster, HP casting, extra vitality 1
a: End Transformation


You were on level 3 of the Dungeon.
You had temporarily grown beastly horns.
You visited 1 branch of the dungeon, and saw 3 of its levels.

You collected 110 gold pieces.

Inventory:

Missiles
 c - 3 poisoned darts
Armour
 a - a +0 robe (worn)
 f - a +0 helmet
Scrolls
 g - 3 scrolls of identify {unknown}
 h - a scroll of fear {unknown}
 j - a scroll of silence {unknown}
 l - a scroll of noise {unknown}
Potions
 b - a potion of lignification {!q}
 d - 2 potions of invisibility {unknown}
 e - a potion of haste {unknown}
 i - a potion of heal wounds {unknown}
 k - a potion of curing {unknown}


   Skills:
 + Level 2.0 Fighting
 + Level 1.4 Armour
 + Level 2.9 Dodging
 * Level 4.0 Unarmed Combat
 + Level 2.1 Spellcasting


You couldn't memorise any spells.
You knew the following spells:

 Your Spells              Type           Power      Damage    Failure   Level
a - Beastly Appendage     Tmut           14%        N/A       10%         1
b - Spider Form           Tmut/Pois      7%         N/A       28%         3
c - Scorch                Fire           14%        2d5       14%         2
d - Ice Form              Ice/Tmut       7%         N/A       67%         4
e - Kiss of Death         Conj/Necr      28%        2d7       10%         1
w - Wereblood             Tmut           7%         N/A       14%         2
Your spell library was empty.

Dungeon Overview and Level Annotations

Branches:
Dungeon (3/15)

Altars:

Annotations:
D:3 2 transporters, DEFE's ghost, amateur DEHs; Natasha


Innate Abilities, Weirdness & Mutations

You have temporarily grown beastly horns.
You are flying.
You are immune to sickness and miasma.
You are immune to poison.
Your flesh is very heat resistant. (rF++)
You are vulnerable to cold. (rC-)
You float through the air rather than walking.
You learn spells naturally, not from books.
Your magical power is your life essence.
You have superior vitality. (+4 MHP)


Message History

You hit Natasha.
Natasha is lightly wounded.
Natasha closely misses you.
You hit Natasha.
Natasha is lightly wounded.
Natasha claws you!
You grow a pair of large bovine horns.
Natasha mumbles some strange words.
Unknown command.
You closely miss Natasha.
Natasha is lightly wounded.
Natasha completely misses you.
You closely miss Natasha.
Natasha is lightly wounded.
You hit Natasha.
Natasha is moderately wounded.
Natasha misses you.
You hit Natasha.
Natasha is moderately wounded.
Natasha claws you! The crimson imp hits you.
Your magical contamination has completely faded away.
You hit Natasha.
Natasha is severely wounded.
Natasha claws you!
* * * LOW HITPOINT WARNING * * *
The crimson imp blinks!
You closely miss Natasha.
Natasha is severely wounded.
Natasha closely misses you.
You hit Natasha but do no damage.
Natasha is severely wounded.
Your transformation is almost over.
Natasha claws you but does no damage.
You barely miss Natasha.
Natasha is severely wounded.
Natasha misses you.
You hit Natasha but do no damage.
Natasha is severely wounded.
Natasha claws you!
You die...

#........# #........#
#........# #........#
####### #........#
....... #........#
....... #........##
##.......
########..######........
#........@h.5....
#........©.......
#....#########...
##.(##8BwSW.8##..
#..#....B....#..
#..#.........#..
#..#.....$...#..
#..#?...©....#..
#..#......


You could see a worm, Natasha, DEFE's ghost, a crimson imp (summoned), an adder
and 2 giant cockroaches.

Vanquished Creatures
  An iguana (D:3)
  4 gnolls
  An adder (D:2)
  A worm (D:3)
  A dart slug (D:2)
  An orc (D:3)
  4 ball pythons
  3 endoplasms
  5 goblins
  8 hobgoblins
  A quokka (D:1)
  4 bats
  A frilled lizard (D:3)
  3 kobolds
  6 rats
44 creatures vanquished.

Notes
Turn   | Place    | Note
-------+----------+-------------------------------------------
     0 | D:1      | mopl the Djinni Transmuter began the quest for the Orb.
     0 | D:1      | mopl set off with the following spells memorised: Beastly
                  | Appendage, Wereblood, Spider Form, Ice Form.
     0 | D:1      | Reached XP level 1. HP: 17/17 MP: 0/0
   130 | D:1      | Found a faded altar of an unknown god.
   237 | D:1      | Reached XP level 2. HP: 22/22 MP: 0/0
   661 | D:1      | Reached XP level 3. HP: 23/27 MP: 0/0
   661 | D:1      | Learned a level 1 spell: Kiss of Death
  1283 | D:2      | Reached skill level 1 in Armour
  1589 | D:2      | Reached skill level 2 in Spellcasting
  1589 | D:2      | Reached XP level 4. HP: 15/33 MP: 0/0
  1738 | D:3      | Reached skill level 4 in Unarmed Combat
  1738 | D:3      | Reached XP level 5. HP: 37/38 MP: 0/0
  1738 | D:3      | Learned a level 2 spell: Scorch
  1849 | D:3      | Reached skill level 2 in Fighting
  1865 | D:3      | Found a transporter.
  1871 | D:3      | Found a transporter.
  1871 | D:3      | Noticed DEFE's ghost (amateur DEHs)
  1932 | D:3      | Noticed Natasha
  1947 | D:3      | Slain by Natasha

Illustrated notes

Levels and vault maps discovered:
D:1:      sevenhm_arrival_forest_fort_large_4, layout_loops_ring,
          shapermc_ecumenical_altar_mp_vishouse
D:2:      layout_loops_cross
D:3:      layout_rooms, gammafunk_ghost_arena, uniq_natasha

Skill      XL: |  1  2  3  4  5 |
---------------+----------------+-----
Armour         | 1 |  1.4
Spellcasting   | 2 |  2.1
Unarmed Combat | 4 |  4.0
Fighting       | 2 |  2.0
Dodging        | |  2.9

Action                   |  1- 3 |  4- 6 || total
-------------------------+-------+-------++-------
Melee: Unarmed           |   104 |    52 ||   156
       Headbutt          |    14 |     2 ||    16
       Punch             |       |     1 ||     1
 Cast: Beastly Appendage |    25 |     2 ||    27
       Spider Form       |     1 |     3 ||     4
 Stab: Sleeping          |       |     1 ||     1
Armor: Robe              |    23 |     2 ||    25
       Skin              |       |     1 ||     1
Dodge: Dodged            |    63 |    28 ||    91

Table legend: (Time is in decaauts)
 A = Elapsed time spent in this place.
 B = Non-inter-level travel time spent in this place.
 C = Inter-level travel time spent in this place.
 D = Time resting spent in this place.
 E = Time spent auto-exploring this place.
 F = Levels seen in this place.
 G = Mean time per level.
                   A        B        C        D        E       F      G
               +--------+--------+--------+--------+--------+-----+--------+
         Total |   1938 |   1802 |    136 |    176 |   1242 |   3 |  646.0 |
       Dungeon |   1938 |   1802 |    136 |    176 |   1242 |   3 |  646.0 |
               +--------+--------+--------+--------+--------+-----+--------+

Top non-repeatable levels by time:
     D:1: 942 daAuts
     D:2: 733 daAuts
     D:3: 262 daAuts
